 Dungeon Crawl Stone Soup version 0.31.0-11-ge490571c62 (webtiles) character file.

Game seed: 5611950503163780226

49 Ijustatesigmund the Trooper (level 3, -5/36 HPs)
             Began as a Gargoyle Fighter on Jan 30, 2024.
             Slain by Sigmund
             ... wielding a +0 antimagic scythe
              (8 damage)
             ... on level 3 of the Dungeon.
             The game lasted 00:04:31 (2262 turns).

Ijustatesigmund the Trooper (Gargoyle Fighter)      Turns: 2262, Time: 00:04:32

Health: -5/36      AC: 25    Str: 19    XL:     3   Next: 77%
Magic:  1/3        EV:  2    Int: 10    God:
Gold:   20         SH:  0    Dex:  9    Spells: 2/2 levels left

rFire   . . .        a - +0 flail
rCold   . . .        c - +1 buckler
rNeg    + . .        b - melded +0 scale mail
rPois   ∞            (helmet currently unavailable)
rElec   .            (cloak currently unavailable)
rCorr   .            (gloves currently unavailable)
SInv    .            (boots currently unavailable)
Will    .....        (no amulet)
Stlth   +            f - +4 ring of protection
HPRegen 0.26/turn    (no ring)
MPRegen 0.08/turn

%: no passive effects
@: confused, tree-form, on berserk cooldown, hasted and slowed
A: stationary, stasis, torment immunity, boosted hp, sickness immunity, AC +3,
negative energy resistance 1, (electricity resistance), torment resistance 1,
petrification resistance
a: no special abilities


You were on level 3 of the Dungeon.
You were a tree.
You visited 1 branch of the dungeon, and saw 3 of its levels.

You collected 136 gold pieces.
You spent 116 gold pieces at shops.

Inventory:

Hand Weapons
 a - a +0 flail (weapon)
Missiles
 l - a throwing net (quivered)
Armour
 b - a +0 scale mail (melded)
 c - a +1 buckler (worn)
Jewellery
 f - a +4 ring of protection (left branch)
Scrolls
 e - 3 scrolls of identify
 m - a scroll of poison {unknown}
 n - a scroll of blinking
Potions
 d - a potion of might
 g - 2 potions of enlightenment


   Skills:
 + Level 3.7 Fighting
 * Level 2.9 Maces & Flails
 + Level 3.7 Armour
 + Level 3.7 Shields


You had 2 spell levels left.
You didn't know any spells.
Your spell library was empty.

Dungeon Overview and Level Annotations

Branches:
Dungeon (3/15)

Altars:
Ashenzari
Dithmenos
Ru
Sif Muna
Uskayaw
Xom

Shops:
D:3 ?!!

Annotations:
D:3 Sigmund


Innate Abilities, Weirdness & Mutations

You are a tree.
Your roots penetrate the ground, keeping you stationary.
You cannot be teleported.
You are immune to unholy pain and torment.
Your maximum health is greatly increased.
Your equipment is partially melded.
You are immune to sickness and miasma.
((Your stone body is resilient. (AC +3)))
You are immune to poison.
You resist negative energy. (rN+)
((You are resistant to electric shocks. (rElec)))
You are resistant to unholy torment.
You are immune to petrification.


Message History

You closely miss something. Something hits you but does no damage.
You barely miss something. Something hits you!
You miss something. You closely miss something.
Something hits you but does no damage.
You barely miss something. You closely miss something.
You block something's attack.
You miss something. You barely miss something.
Something hits you but does no damage.
You miss something. Something hits you!
You feel your power leaking away.
You sock something!
You are no longer berserk.
You are exhausted.
You feel yourself slow down.
You miss something. Something hits you but does no damage. Something hits you.
* * * LOW HITPOINT WARNING * * *
You turn into a tree.
Your +0 scale mail melds into your body.
Your roots penetrate the ground.
Something hits you but does no damage.
You miss something. You block something's attack.
You closely miss something. Something hits you but does no damage.
You miss something.
Something hits you but does no damage. x2
You miss something. Something hits you.
* * * LOW HITPOINT WARNING * * *
You feel your power leaking away.
You aren't carrying any items that you can evoke.
You feel better. Something hits you but does no damage.
You feel yourself speed up. Something hits you!
* * * LOW HITPOINT WARNING * * *
You completely miss something.
You hear some strange, mumbled words.
Something tries to affect you, but you resist.
You hit something but do no damage.
You hear some strange, mumbled words.
You are confused.
You attack the rock wall.
Something hits you but does no damage.
You closely miss something. Something hits you.
* * * LOW HITPOINT WARNING * * *
You attack the rock wall.
Something hits you!
You die...

#.# #.# #.## #.# #...
..# #..### ### #..#..
#..#.# #########
#..#.# .........
#..#{#
.############..#♣#
...............#.#
.############.##.#####
[....#...............#
...............#.##.##
.###.#.#####..<#.# #
.# #.#...........# .#
#.#######.######.# .#
#.##.............#


There were no monsters in sight!

Vanquished Creatures
  A ribbon worm (D:2)
  A dart slug (D:1)
  An orc (D:3)
  2 endoplasms
  4 giant cockroaches
  5 hobgoblins
  4 jackals (D:2)
  A quokka (D:1)
  3 ball pythons
  2 bats (D:1)
  4 frilled lizards
  4 goblins (D:1)
  4 kobolds
  5 rats
41 creatures vanquished.

Notes
Turn   | Place    | Note
-------+----------+-------------------------------------------
     0 | D:1      | Ijustatesigmund the Gargoyle Fighter began the quest for
                  | the Orb.
     0 | D:1      | Reached XP level 1. HP: 14/14 MP: 1/1
   170 | D:1      | Reached XP level 2. HP: 18/19 MP: 2/2
   695 | D:2      | Reached XP level 3. HP: 21/23 MP: 3/3
  1359 | D:2      | Found a shimmering altar of Xom.
  1729 | D:3      | Found Irofeph's Magic Scroll Emporium.
  1736 | D:3      | Bought a scroll of identify for 22 gold pieces
  1736 | D:3      | Bought a scroll of blinking for 82 gold pieces
  1774 | D:3      | Found Geweptou's Distillery.
  1880 | D:3      | Found Cosim's Distillery.
  1922 | D:3      | Bought a potion of degeneration for 12 gold pieces
  2127 | D:3      | Found a hide-covered altar of Uskayaw.
  2127 | D:3      | Found a shadowy altar of Dithmenos.
  2135 | D:3      | Found a sacrificial altar of Ru.
  2137 | D:3      | Found a shimmering blue altar of Sif Muna.
  2139 | D:3      | Found a broken altar of Ashenzari.
  2228 | D:3      | Noticed Sigmund
  2262 | D:3      | Slain by Sigmund

Illustrated notes

Levels and vault maps discovered:
D:1:      nagdon_arrival_double_spiral, layout_loops_ring
D:2:      layout_basic, basic_altar, serial_bayou_pond_b
D:3:      layout_basic, chequers_temple_overflow_minitemple, serial_shops,
          nicolae_shop_waterfront, shop, shop, chequers_serial_rivers_room_b,
          uniq_sigmund

Action                     || total
---------------------------++-------
  Melee: Flail             ||   136
    Use: Scroll            ||     7
         Potion            ||     4
 Armour: Scale mail        ||    88
         Skin              ||    10
  Dodge: Dodged            ||    51
  Block: Buckler           ||    28
